 Dungeon Crawl Stone Soup version 0.17.1-3-g152610e (webtiles) character file.

31 Freud the Cutter (level 3, 19/19 HPs)
             Began as a Vine Stalker Fighter on Mar 31, 2016.
             Was a Follower of Qazlal.
             Got out of the dungeon alive.
             The game lasted 00:10:09 (1668 turns).

Freud the Cutter (Vine Stalker Fighter)             Turns: 1668, Time: 00:10:09

Health: 19/19      AC:  6    Str: 19    XL:     3   Next: 22%
Magic:  4/4        EV:  9    Int:  8    God:    Qazlal [*.....]
Gold:   69         SH:  1    Dex: 13    Spells: 0 memorised, 2 levels left

rFire  . . .     SeeInvis .     a - +0 dagger
rCold  . . .     Clarity  .     q - +0 scale mail
rNeg   . . .     SustAt   .     (no shield)
rPois  .         Gourm    .     (no helmet)
rElec  .         Spirit   +     (no cloak)
rCorr  .         Warding  .     (no gloves)
rMut   .         Stasis   .     (no boots)
MR     .....                    (no amulet)
Stlth  ..........               (no ring)
                                (no ring)

@: not resistant to hostile enchantments, extremely unstealthy
A: fangs 2, regeneration 1, magic shield, antimagic bite, no device heal 3, rot
immunity
a: Renounce Religion


You escaped.
You worshipped Qazlal.
Qazlal was aware of your devotion.
You were not hungry.

You visited 1 branch of the dungeon, and saw 2 of its levels.

You collected 69 gold pieces.

Inventory:

Hand Weapons
 a - a +0 dagger (weapon)
 b - a +0 rapier
Missiles
 j - 109 stones
 r - 3 tomahawks (quivered)
Armour
 c - a +0 shield
 q - a +0 scale mail (worn)
Scrolls
 f - a scroll of recharging {unknown}
 h - a scroll of noise {unknown}
 k - a scroll of remove curse {unknown}
 m - a scroll of fear {unknown}
 u - 2 scrolls of teleportation {unknown}
 x - a scroll of identify {unknown}
Potions
 d - a potion of might
 g - 3 potions of curing {unknown}
 l - 4 potions of heal wounds {unknown}
 o - a potion of brilliance {unknown}
 p - a potion of resistance {unknown}
Books
 s - a Young Poisoner's Handbook

   Spells                             Type                      Level
   a - Sting                          Conjuration/Poison           1
   b - Cure Poison                    Poison                       2
   c - Mephitic Cloud                 Conjuration/Poison/Air       3
   d - Olgreb's Toxic Radiance        Poison                       4
   e - Venom Bolt                     Conjuration/Poison           5
Comestibles
 e - a bread ration
 i - 2 meat rations
 n - a fruit
 v - 2 beef jerkies
 w - 2 slices of pizza


   Skills:
 - Level 2.6 Fighting
 + Level 3.2 Short Blades
 - Level 2.4 Armour
 - Level 2.6 Shields


You had 2 spell levels left.
You didn't know any spells.

Dungeon Overview and Level Annotations

Branches:
Dungeon (2/15)

Altars:
Qazlal


Innate Abilities, Weirdness & Mutations

You have extremely sharp teeth.
Your natural rate of healing is unusually fast.
When hurt, damage is shared between your health and your magic reserves.
Your bite disrupts and absorbs the magic of your enemies.
Potions and wands cannot restore your health.
You are immune to rotting.


Message History

You continue putting on your shield. x3
You finish putting on your +0 shield.
Drop what? 25/52 slots (_ for help) (? for menu, Esc to quit)
You start removing your armour.
You continue taking off your +0 shield.
You continue taking off your +0 shield. x3
You finish taking off your +0 shield.
You drop a +0 shield.
You open the door.
There is an open door here.
There is an open door, spattered with blood here.
You see here a bat skeleton.
There is a stone staircase leading down here.
You see here a club.
There is an open door here.
Eating a chunk of flesh.
This raw flesh tastes terrible.
You continue eating. x2
There is a staircase leading out of the dungeon here.
Are you sure you want to leave the Dungeon?
This will make you lose the game!
Uppercase [Y]es or [N]o only, please.
Are you sure you want to leave the Dungeon?
This will make you lose the game!
You have escaped!

#.....###.........####....####
#.................÷...........
#..............[..####....####
#.#..###.#.......## ##.#.#
##.##.# #.##.....## ###.#
#.....# #.###...## #.# #..####
#.# ##'## #.#
###..#################### #.#
........#......#@#......# #.#
###.#[###.######.######.# #.#
# #.....#...............####.#
# ###.####.########.#####....#
#####.# #...#..†..#.#...######
......# ###.#####.#.#.#.#
####### #.#.......#...#.#
#.#.#.#########.#
#...#.........#.#


There were no monsters in sight!

Vanquished Creatures
  A worm (D:2)
  A giant gecko (D:2)
  A ball python (D:2)
  A giant cockroach (D:1)
  4 goblins
  2 hobgoblins (D:1)
  4 kobolds
  7 bats
  6 rats
  A plant (D:1)
28 creatures vanquished.

Notes
Turn   | Place    | Note
--------------------------------------------------------------
     0 | D:1      | Freud the Vine Stalker Fighter began the quest for the Orb.
     0 | D:1      | Reached XP level 1. HP: 11/11 MP: 2/2
   447 | D:1      | Reached XP level 2. HP: 16/16 MP: 3/3
  1173 | D:2      | Reached skill level 3 in Short Blades
  1194 | D:2      | Found a faded altar to an unknown god.
  1202 | D:2      | Became a worshipper of Qazlal Stormbringer
  1202 | D:2      | Reached * piety under Qazlal
  1262 | D:2      | Reached XP level 3. HP: 10/19 MP: 4/4
  1668 | D:$      | Got out of the dungeon alive.

Action                   || total
-------------------------++-------
Melee: Rapier            ||    92
       Dagger            ||    47
  Eat: Chunk             ||     3
